 Dungeon Crawl Stone Soup version 0.23.1 (webtiles) character file.

Game seed: 14509220219798244811

414 Xenon25 the Ruffian (level 6, 0/59 HPs)
             Began as a Troll Berserker on Mar 13, 2019.
             Was a Priest of Trog.
             Slain by a centaur zombie (1 damage)
             ... on level 5 of the Dungeon.
             The game lasted 00:05:05 (2381 turns).

Xenon25 the Ruffian (Troll Berserker)               Turns: 2381, Time: 00:05:10

Health: 0/59       AC:  6    Str: 28    XL:     6   Next: 60%
Magic:  5/5        EV: 10    Int:  5    God:    Trog [***...]
Gold:   261        SH:  0    Dex:  9    Spells: 5/5 levels left

rFire    . . .     SeeInvis .     - Unarmed
rCold    . . .     Gourm    +   (no shield)
rNeg     . . .     Faith    .   q - +0 robe
rPois    .         Spirit   .   (helmet restricted)
rElec    .         Reflect  .   (no cloak)
rCorr    .         Harm     .   (gloves unavailable)
MR       ++...                  (boots unavailable)
Stlth    ..........             (no amulet)
HPRegen  1.59/turn              l - +2 ring of intelligence
MPRegen  0.09/turn              n - ring of attention (curse)

@: lethally poisoned (0 -> -1), berserk cooldown, regenerating
A: large, unfitting armour, claws 3, fast metabolism 3, gourmand, regeneration
1, shaggy fur 1, tough skin 3
a: Berserk, Trog's Hand, Renounce Religion


You were on level 5 of the Dungeon.
You worshipped Trog.
Trog was most pleased with you.
You were not hungry.

You visited 1 branch of the dungeon, and saw 5 of its levels.

You collected 261 gold pieces.

Inventory:

Armour
 a - a +0 animal skin
 q - a +0 robe (worn)
Jewellery
 l - a +2 ring of intelligence (left claw)
 n - a cursed ring of attention (right claw)
Scrolls
 d - 4 scrolls of identify {unknown}
 e - 2 scrolls of enchant weapon {unknown}
 g - a scroll of enchant armour {unknown}
 h - a scroll of teleportation {unknown}
 i - 3 scrolls of remove curse {unknown}
 k - 2 scrolls of magic mapping {unknown}
 s - a scroll of fear {unknown}
Potions
 c - a potion of berserk rage {unknown}
 f - 2 potions of curing {unknown}
 j - a potion of might {unknown}
 m - a potion of mutation {unknown}
 o - a potion of cancellation
 p - a potion of haste {unknown}
 r - a potion of agility {unknown}
 t - a potion of resistance {unknown}
Comestibles
 b - 7 rations


   Skills:
 + Level 2.8 Fighting
 + Level 3.3 Dodging
 + Level 0.1 Stealth
 * Level 6.7 Unarmed Combat


You had 5 spell levels left.
You didn't know any spells.
Your spell library was empty.

Dungeon Overview and Level Annotations

Branches:
Dungeon (5/15)
 Temple: D:4-7

Altars:
Ru


Innate Abilities, Weirdness & Mutations

You are too large for most types of armour.
You have claws for hands.
Your metabolism is lightning-fast.
You like to eat raw meat.
Your natural rate of healing is unusually fast.
You are covered in fur. (AC +1)
You have extremely tough skin. (AC +3)


Message History

The centaur hits you.
* * * LOW HITPOINT WARNING * * *
The centaur closely misses you. The adder bites you.
* * * LOW HITPOINT WARNING * * *
The centaur zombie hits you.
* * * LOW HITPOINT WARNING * * *
The adder bites you.
* * * LOW HITPOINT WARNING * * *
You are poisoned.
The adder poisons you!
The shadow imp hits you but does no damage.
The centaur hits you but does no damage.
It was a potion of cancellation.
Your magical effects are unravelling.
You feel magically purged.
You feel yourself speed up.
You feel sick. The centaur hits you.
* * * LOW HITPOINT WARNING * * *
The centaur zombie hits you.
You die...

.... #........
......###........
..>..............
.................
.................
................
......cZS..##..
##...@5......
#..(S†c......
#..(((....###
.......w#.#>..##
........###...#
....%.... .....
##....... ..(...#
#........o
....###
....w..... .....


You could see 2 centaurs, a worm, 2 adders, a shadow imp and a centaur zombie.

Vanquished Creatures
  An ogre (D:4)
  2 orc wizards
  2 orc priests (D:3)
  Jessica (D:3)
  5 adders
  3 oozes
  3 worms
  3 dart slugs
  4 leopard geckos
  15 orcs
  11 bats
  6 giant cockroaches
  6 goblins
  6 hobgoblins
  10 jackals
  4 quokkas
  A ball python (D:3)
  4 frilled lizards
  5 kobolds
  A leopard gecko skeleton (D:4)
  8 rats
101 creatures vanquished.

Notes
Turn   | Place    | Note
-------+----------+-------------------------------------------
     0 | D:1      | Xenon25 the Troll Berserker began the quest for the Orb.
     0 | D:1      | Reached XP level 1. HP: 22/22 MP: 0/0
    42 | D:1      | Reached XP level 2. HP: 29/29 MP: 1/1
   322 | D:1      | Reached ** piety under Trog
   628 | D:2      | Reached XP level 3. HP: 29/36 MP: 2/2
   755 | D:2      | Reached skill level 4 in Unarmed Combat
   862 | D:2      | Reached XP level 4. HP: 44/44 MP: 3/3
  1040 | D:3      | Reached skill level 5 in Unarmed Combat
  1040 | D:3      | Reached XP level 5. HP: 52/52 MP: 4/4
  1251 | D:3      | Noticed Jessica
  1261 | D:3      | Killed Jessica
  1354 | D:3      | Reached *** piety under Trog
  1715 | D:4      | Noticed an ogre
  1720 | D:4      | Killed an ogre
  1720 | D:4      | Reached skill level 6 in Unarmed Combat
  1720 | D:4      | Reached XP level 6. HP: 38/59 MP: 5/5
  1936 | D:4      | Found a sacrificial altar of Ru.
  2363 | D:5      | Entered Level 5 of the Dungeon
  2381 | D:5      | HP: 1/59 [centaur (5)]
  2381 | D:5      | Slain by a centaur zombie

Skill      XL: |  1  2  3  4  5 |
---------------+----------------+-----
Unarmed Combat | 4 5 6 |  6.7
Dodging        | 3 |  3.3
Fighting       | |  2.8
Stealth        | |  0.1

Action                   |  1- 3 |  4- 6 || total
-------------------------+-------+-------++-------
Melee: Unarmed           |    85 |   132 ||   217
       Punch             |     2 |     1 ||     3
Invok: Berserk           |       |     2 ||     2
       Trog's Hand       |       |     3 ||     3
  Use: Potion            |       |     1 ||     1
  Eat: Chunk             |     4 |    15 ||    19
       Ration            |       |     1 ||     1
Armor: Animal skin       |    30 |    17 ||    47
       Robe              |       |    23 ||    23
Dodge: Dodged            |    41 |    62 ||   103
